 Dungeon Crawl Stone Soup version 0.26-a0-591-g04f19ec95a (webtiles) character file.

Game seed: 5773956439202864926

0 Gargoyl the Skirmisher (level 1, -12/23 HPs)
             Began as a Gnoll Abyssal Knight on Aug 24, 2020.
             Was a Follower of Lugonu.
             Killed from afar by a smoke demon (23 damage)
             ... with a ball of steam
             ... on level 3 of the Abyss.
             The game lasted 00:00:24 (101 turns).

Gargoyl the Skirmisher (Gnoll Abyssal Knight)        Turns: 101, Time: 00:00:25

Health: -12/23     AC:  9    Str: 14    XL:     1   Next: 0%
Magic:  3/3        EV:  7    Int: 14    God:    Lugonu [*.....]
Gold:   4          SH:  0    Dex: 14    Spells: 0/0 levels left

rFire    . . .     SeeInvis .   a - +1 hand axe
rCold    . . .     Faith    .   (no shield)
rNeg     . . .     Spirit   .   d - +0 chain mail
rPois    .         Reflect  .   (no helmet)
rElec    .         Harm     .   (no cloak)
rCorr    .                      (no gloves)
MR       .....                  (no boots)
Stlth    ..........             (no amulet)
HPRegen  0.07/turn              (no ring)
MPRegen  0.08/turn              (no ring)

@: no status effects
A: distributed training, fangs 1, strong nose
a: Depart the Abyss, Renounce Religion


You were on level 3 of the Abyss.
You worshipped Lugonu.
Lugonu was aware of your devotion.
You visited 0 branches of the dungeon, and saw 0 of its levels.
You visited the Abyss 1 time.

You collected 4 gold pieces.

Inventory:

Hand Weapons
 a - a +1 hand axe (weapon)
Armour
 d - a +0 chain mail (worn)


   Skills:
 + Level 6.4 Fighting
 + Level 0.0 Short Blades
 + Level 0.0 Long Blades
 + Level 4.4 Axes
 + Level 0.0 Maces & Flails
 + Level 0.0 Polearms
 + Level 0.0 Staves
 + Level 0.0 Slings
 + Level 0.0 Bows
 + Level 0.0 Crossbows
 + Level 0.0 Throwing
 + Level 4.4 Armour
 + Level 2.3 Dodging
 + Level 0.0 Stealth
 + Level 0.0 Shields
 + Level 0.0 Unarmed Combat
 + Level 0.0 Spellcasting
 + Level 0.0 Conjurations
 + Level 0.0 Hexes
 + Level 0.0 Summonings
 + Level 0.0 Necromancy
 + Level 0.0 Translocations
 + Level 0.0 Transmutations
 + Level 0.0 Fire Magic
 + Level 0.0 Ice Magic
 + Level 0.0 Air Magic
 + Level 0.0 Earth Magic
 + Level 0.0 Poison Magic
 + Level 4.4 Invocations
 + Level 0.0 Evocations


You couldn't memorise any spells.
You didn't know any spells.
Your spell library was empty.

Dungeon Overview and Level Annotations

Branches:
Dungeon (0/15)

Altars:


Innate Abilities, Weirdness & Mutations

Your experience applies equally to all skills.
You have very sharp teeth.
Your uncanny sense of smell can sniff out nearby items.


Message History

The tentacle pulls you backwards! The starspawn tentacle grabs you.
The starspawn tentacle constricts you.
A starspawn tentacle segment comes into view.
You escape the starspawn tentacle's grasp.
You open the door. The starspawn tentacle grabs you.
The starspawn tentacle constricts you.
The starspawn tentacle loses its grip on you.
The tentacle pulls you backwards!
A large abomination comes into view.
A tentacle flies out from the starspawn's body!
A starspawn tentacle comes into view.
The starspawn tentacle grabs you. The starspawn tentacle constricts you.
Found a purple potion.
You escape the starspawn tentacle's grasp.
A smoke demon comes into view.
The smoke demon roars!
The smoke demon gestures at you. The ball of steam hits you!!
Ouch! That really hurt!
You die...

...#...............
##...≈....#.........
#.......#..........#
#........#.$......$
......#.....#......#
.#......#...#......#
#....##'.wXw......#
#.........#.#.#.[...
#.#..#...#+.@...#
.#.#....X..§....#
#.#.....#§≈....#
..#..............
#.#...§.........#
#.!##§.≈≈≈≈#####.
3..#≈≈≈≈ ##?.≈≈≈..


You could see a tentacled starspawn, a large abomination and a starspawn
tentacle.

Vanquished Creatures (others)
  A starspawn tentacle (Abyss:3)
1 creature vanquished.

Notes
Turn   | Place    | Note
-------+----------+-------------------------------------------
     0 | Abyss:1  | Gargoyl the Gnoll Abyssal Knight began the quest for the
                  | Orb.
     0 | Abyss:1  | Reached XP level 1. HP: 23/23 MP: 3/3
    47 | Abyss:2  | Noticed a raiju
    47 | Abyss:2  | Noticed a raiju
    48 | Abyss:2  | Noticed a raiju
    48 | Abyss:2  | Noticed a raiju
    88 | Abyss:3  | Noticed a tentacled starspawn
    98 | Abyss:3  | Noticed a large abomination
   100 | Abyss:3  | Noticed a smoke demon
   101 | Abyss:3  | Killed from afar by a smoke demon

Illustrated notes

Levels and vault maps discovered:
Abyss:3

Action                   || total
-------------------------++-------
  Use: Scroll            ||     2
Armor: Chain mail        ||     1
Dodge: Dodged            ||     1

Table legend: (Time is in decaauts)
 A = Elapsed time spent in this place.
 B = Non-inter-level travel time spent in this place.
 C = Inter-level travel time spent in this place.
 D = Time resting spent in this place.
 E = Time spent auto-exploring this place.
 F = Levels seen in this place.
 G = Mean time per level.
                   A        B        C        D        E       F      G
               +--------+--------+--------+--------+--------+-----+--------+
         Total |    100 |    100 |      0 |      0 |     56 |   3 |   33.3 |
         Abyss |    100 |    100 |      0 |      0 |     56 |   3 |   33.3 |
               +--------+--------+--------+--------+--------+-----+--------+

Top non-repeatable levels by time:
 Abyss:3: 50 daAuts
 Abyss:1: 30 daAuts
 Abyss:2: 19 daAuts
